 Dungeon Crawl Stone Soup version 0.27-a0-341-g40fdf68bc5 (webtiles) character file.

Game seed: 907196859762861410

69 EnegeticOcto the Chiller (level 4, -2/27 HPs)
             Began as a Halfling Ice Elementalist on Feb 14, 2021.
             Killed from afar by Blork the orc (6 damage)
             ... with a magic dart
             ... on level 4 of the Dungeon.
             The game lasted 00:04:12 (774 turns).

EnegeticOcto the Chiller (Halfling Ice Elementalist) Turns: 774, Time: 00:04:12

Health: -2/27      AC:  2    Str:  9    XL:     4   Next: 42%
Magic:  3/6        EV: 15    Int: 14    God:
Gold:   89         SH:  0    Dex: 14    Spells: 2/6 levels left

rFire    x . .     SeeInvis .   b - +0 mace
rCold    + . .     Faith    .   (shield restricted)
rNeg     . . .     Spirit   .   a - +0 robe
rPois    .         Reflect  .   (no helmet)
rElec    .         Harm     .   (no cloak)
rCorr    .         Rampage  .   (no gloves)
Will     .....                  (no boots)
Stlth    ++........             (no amulet)
HPRegen  0.09/turn              i - ring of ice
MPRegen  0.10/turn              (no ring)

@: no status effects
A: small, mutation resistance 1
a: no special abilities


You were on level 4 of the Dungeon.
You visited 1 branch of the dungeon, and saw 4 of its levels.

You collected 89 gold pieces.

Inventory:

Hand Weapons
 b - a +0 mace (weapon)
   (You found it on level 1 of the Dungeon)
Missiles
 h - 22 poisoned darts (quivered)
Armour
 a - a +0 robe (worn)
Jewellery
 i - a ring of ice (left hand)
   (You found it on level 1 of the Dungeon)
Scrolls
 c - 3 scrolls of identify {unknown}
 d - 2 scrolls of fog {unknown}
 e - a scroll of teleportation {unknown}
 f - a scroll of magic mapping {unknown}
 g - a scroll of fear {unknown}


   Skills:
 - Level 2.1 Dodging
 - Level 2.1 Stealth
 - Level 1.5 Spellcasting
 + Level 5.6 Ice Magic


You had 2 spell levels left.
You knew the following spells:

 Your Spells              Type           Power        Failure   Level
a - Freeze                Ice            100%         2%          1
b - Frozen Ramparts       Ice            50%          8%          3

Your spell library contained the following spells:

 Spells                   Type           Power        Failure   Level
 Ozocubu's Armour         Ice            25%          8%          3
 Hailstorm                Conj/Ice       13%          61%         4
 Summon Ice Beast         Ice/Summ       13%          61%         4


Dungeon Overview and Level Annotations

Branches:
Dungeon (4/15)
 Temple: D:4-7

Altars:
Fedhas
Makhleb

Annotations:
D:4 Blork the orc


Innate Abilities, Weirdness & Mutations

You are small and have problems with some larger weapons.
You are somewhat resistant to further mutation.


Message History

Confirm with . or Enter, or press ? or * to list all spells.
Aiming: Freeze (safe; 3% risk of failure)
Press: ? - help, Shift-Dir - straight line, f - iguana
Aim: an iguana (lightly wounded, slow)
You feel a surge of power!
You freeze the iguana.
The iguana is moderately wounded.
The iguana seems to slow down.
Casting: Freeze (safe; 3% risk of failure)
Confirm with . or Enter, or press ? or * to list all spells.
Aiming: Freeze (safe; 3% risk of failure)
Press: ? - help, Shift-Dir - straight line, f/p - iguana
Aim: an iguana (moderately wounded, slow)
You feel a surge of power!
You freeze the iguana!
The iguana is almost dead.
The wall freezes the iguana!
You kill the iguana!
You have reached level 4!
The frozen ramparts melt away as you move.
(D) Dungeon
Where to? (Enter - D:3, ? - help)
You see here a dart slug corpse.
There is a stone staircase leading down here.
You climb downwards.
There is a stone staircase leading up here.
Found 15 poisoned darts.
h - 30 poisoned darts (gained 15)
Found a stone staircase leading up.
There is a stone staircase leading up here.
You climb upwards.
There is a stone staircase leading down here.
(D) Dungeon
Where to? (Enter - D:4, ? - help)
There is a stone staircase leading down here.
You climb downwards.
There is a stone staircase leading up here.
Blork the orc comes into view.
He is wielding a +2 vorpal glaive and carrying a wand of flame (19).
Throw: 30 darts (poison)
Press: ? - help, Q - select action, (/) - cycle Shift-Dir - straight line, f - Blork the orc
Aim: Blork the orc, wielding a +2 vorpal glaive, wearing a +0 robe and carrying a wand of flame (19) (asleep, 98% to hit)
You throw a poisoned dart. The poisoned dart hits Blork the orc.
Blork the orc shouts!
Casting: Freeze (safe; 2% risk of failure)
Confirm with . or Enter, or press ? or * to list all spells.
The spell is quite dangerous to cast (8% risk of failure)!
Continue anyway?
Casting: Frozen Ramparts (quite dangerous; 8% risk of failure)
Press: ? - help, Dir - look around, f - activate You feel a surge of power!
The walls around you are covered in ice.
The wall freezes Blork the orc.
Throw: 29 darts (poison)
Press: ? - help, Q - select action, (/) - cycle Shift-Dir - straight line, f - Blork the orc
Aim: Blork the orc, wielding a +2 vorpal glaive, wearing a +0 robe and carrying a wand of flame (19) (lightly wounded, 61% to hit)
You throw a poisoned dart.
The poisoned dart barely misses Blork the orc.
The wall freezes Blork the orc.
Blork the orc misses you.
Throw: 28 darts (poison)
Press: ? - help, Q - select action, (/) - cycle Shift-Dir - straight line, f/p - Blork the orc
Aim: Blork the orc, wielding a +2 vorpal glaive, wearing a +0 robe and carrying a wand of flame (19) (moderately wounded, 61% to hit)
You throw a poisoned dart. The poisoned dart hits Blork the orc.
Blork the orc is moderately wounded.
The wall freezes Blork the orc.
Blork the orc hits you from afar with a +2 vorpal glaive!
Throw: 27 darts (poison)
Press: ? - help, Q - select action, (/) - cycle Shift-Dir - straight line, f/p - Blork the orc
Aim: Blork the orc, wielding a +2 vorpal glaive, wearing a +0 robe and carrying a wand of flame (19) (heavily wounded, 61% to hit)
You throw a poisoned dart.
The poisoned dart closely misses Blork the orc.
Throw: 26 darts (poison)
Press: ? - help, Q - select action, (/) - cycle Shift-Dir - straight line, f/p - Blork the orc
Aim: Blork the orc, wielding a +2 vorpal glaive, wearing a +0 robe and carrying a wand of flame (19) (heavily wounded, 61% to hit)
You throw a poisoned dart.
The poisoned dart barely misses Blork the orc.
The wall freezes Blork the orc.
Blork the orc zaps a wand.
The puff of flame hits you! The fire burns you terribly!
* * * LOW HITPOINT WARNING * * *
You aren't carrying any potions.
Okay, then.
Throw: 25 darts (poison)
Press: ? - help, Q - select action, (/) - cycle Shift-Dir - straight line, f/p - Blork the orc
Aim: Blork the orc, wielding a +2 vorpal glaive, wearing a +0 robe and carrying a wand of flame (18) (heavily wounded, 61% to hit)
You throw a poisoned dart.
The poisoned dart closely misses Blork the orc.
The wall freezes Blork the orc.
Blork the orc barely misses you.
Throw: 24 darts (poison)
Press: ? - help, Q - select action, (/) - cycle Shift-Dir - straight line, f/p - Blork the orc
Aim: Blork the orc, wielding a +2 vorpal glaive, wearing a +0 robe and carrying a wand of flame (18) (severely wounded, 61% to hit)
You throw a poisoned dart.
The poisoned dart closely misses Blork the orc.
The wall freezes Blork the orc.
Blork the orc casts a spell.
Blork the orc seems to speed up.
Throw: 23 darts (poison)
Press: ? - help, Q - select action, (/) - cycle Shift-Dir - straight line, f/p - Blork the orc
Aim: Blork the orc, wielding a +2 vorpal glaive, wearing a +0 robe and carrying a wand of flame (18) (severely wounded, fast, 61% to hit)
You throw a poisoned dart.
The poisoned dart closely misses Blork the orc.
The frozen ramparts melt away.
Blork the orc points at you and mumbles some strange words.
The magic dart hits you.
You die...

# #.. ##.... ##
####.....# .######
###.....#
......####....### .##
................###....#
..........#.....@.o.(...
..........####..........
........### ########...
.....#### # ######


You could see Blork the orc (fast).

Vanquished Creatures
  An iguana (D:3)
  An adder (D:2)
  A dart slug (D:3)
  A leopard gecko (D:3)
  2 ball pythons (D:2)
  3 giant cockroaches
  3 goblins
  7 hobgoblins
  A bat (D:3)
  3 frilled lizards
  4 kobolds
  5 rats
32 creatures vanquished.

Notes
Turn   | Place    | Note
-------+----------+-------------------------------------------
     0 | D:1      | EnegeticOcto the Halfling Ice Elementalist began the quest
                  | for the Orb.
     0 | D:1      | Reached XP level 1. HP: 11/11 MP: 3/3
    90 | D:2      | Found a burning altar of Makhleb.
    90 | D:2      | Noticed a cacodemon
   113 | D:2      | Reached XP level 2. HP: 5/17 MP: 0/4
   187 | D:2      | Reached XP level 3. HP: 2/21 MP: 0/5
   191 | D:2      | Learned a level 3 spell: Frozen Ramparts
   293 | D:2      | Reached skill level 5 in Ice Magic
   320 | D:2      | Found a blossoming altar of Fedhas.
   663 | D:3      | Reached XP level 4. HP: 27/27 MP: 0/6
   763 | D:4      | Noticed Blork the orc
   774 | D:4      | Killed from afar by Blork the orc

Illustrated notes

Levels and vault maps discovered:
D:1:      matt_arrival_diagonals, layout_rooms
D:2:      layout_rooms, fedhas_altar_2, makhleb_altar_promises_db,
          minmay_shallow_snake_nest
D:3:      layout_loops_corners, nicolae_dithmenos_through_a_glass_darkly
D:4:      layout_cave_pods, nrook_loot_triangle, uniq_blork_the_orc

Skill      XL: |  1  2  3 |
---------------+----------+-----
Ice Magic      | 5 |  5.6
Dodging        | |  2.1
Stealth        | |  2.1
Spellcasting   | |  1.5

Action                   |  1- 3 |  4- 6 || total
-------------------------+-------+-------++-------
Melee: Mace              |    46 |       ||    46
Throw: Dart              |       |     8 ||     8
 Cast: Freeze            |    38 |       ||    38
       Frozen Ramparts   |     1 |     1 ||     2
 Stab: Sleeping          |     1 |       ||     1
Armor: Robe              |    14 |       ||    14
Dodge: Dodged            |    65 |     2 ||    67

Table legend: (Time is in decaauts)
 A = Elapsed time spent in this place.
 B = Non-inter-level travel time spent in this place.
 C = Inter-level travel time spent in this place.
 D = Time resting spent in this place.
 E = Time spent auto-exploring this place.
 F = Levels seen in this place.
 G = Mean time per level.
                   A        B        C        D        E       F      G
               +--------+--------+--------+--------+--------+-----+--------+
         Total |    820 |    790 |     30 |      0 |      0 |   4 |  205.0 |
       Dungeon |    820 |    790 |     30 |      0 |      0 |   4 |  205.0 |
               +--------+--------+--------+--------+--------+-----+--------+

Top non-repeatable levels by time:
     D:2: 400 daAuts
     D:3: 202 daAuts
     D:1: 150 daAuts
     D:4: 67 daAuts
